Staline vs Wolves
Created - 6 avril 2015 at 19:05
Goals
|
| Staline |
0 |
0 |
1 |
1 |
| Wolves |
1 |
0 |
1 |
2 |
|
Shots
|
| Staline |
8 |
18 |
11 |
37 |
| Wolves |
3 |
12 |
9 |
24 |
|
1st period
1. Wolves , Bruno Gervais 6 (Mike Zigomanis, Milan Bartovic) at 5:40 (PP)
Penalties :
Peter Mueller (StJ) for Unsportsmanlike conduct (Major / Game Misconduct) at 5:03, Dennis Persson (Min) for High sticking (Minor) at 19:40
2nd period
No Goal
Penalties :
Tim Crowder (Min) for Diving (Minor) at 15:14
3rd period
2. Wolves , Cody McLeod 1 (Jonas Junland, Nathan Davis) at 10:35
3. Staline , Pierre-Luc Létourneau 27 (Michael Del Zotto, Yan Stastny) at 16:21
Penalties :
Chris Neil (Min) for Elbowing (Minor) at 2:04, Cody McLeod (Min) for Hooking (Minor) at 7:07, Jared Boll (StJ) for Holding (Minor) at 11:46, Stu Bickel (StJ) for Slashing (Minor) at 16:51
Goalie Stats
Tobias Stephan (StJ), 22 saves from 24 shots - (0,917), L, 46-17-4, 59:02 minutes
Jamie Storr (Min), 36 saves from 37 shots - (0,973), W, 32-22-7, 60:00 minutes
Players Stats for Staline
Player Name G A P +/- PIM S H SB GA TA FO MP PP MP PK MP
------------------------------------------------------------------------------------
Aaron Ness 0 0 0 0 0 0 0 0 0 0 0/0 0:00 0:00 0:00
Andrei Loktionov 0 0 0 -1 0 3 0 3 0 1 4/10 14:49 3:46 0:00
Cam Janssen 0 0 0 -1 0 2 3 1 1 0 0/0 17:33 3:46 2:36
Cody Eakin 0 0 0 0 0 0 0 0 0 0 0/0 4:17 0:00 0:34
Danny Kristo 0 0 0 0 0 0 0 0 0 0 0/0 0:00 0:00 0:00
David Kolomatis 0 0 0 -1 0 0 0 0 0 1 0/0 5:32 0:00 0:00
Devin Setoguchi 0 0 0 1 0 3 3 0 0 2 1/3 21:47 4:00 4:23
J.T. Wyman 0 0 0 0 0 3 0 0 0 0 1/2 14:53 0:10 1:30
James Sheppard 0 0 0 0 0 0 0 0 0 0 0/1 6:34 0:10 0:00
Jamie McGinn 0 0 0 0 0 0 0 0 0 0 0/0 0:00 0:00 0:00
Jared Boll 0 0 0 0 2 4 1 1 1 0 1/1 12:22 0:15 0:00
Keith Aulie 0 0 0 0 0 2 1 0 0 2 0/0 18:49 3:27 3:32
Mason Raymond 0 0 0 -1 0 2 2 0 1 0 0/1 16:54 3:46 1:46
Mathieu Perreault 0 0 0 0 0 2 0 0 0 0 0/2 6:24 0:00 0:00
Michael Del Zotto 0 1 1 1 0 0 1 0 0 1 0/0 10:24 0:00 1:28
Nick Spaling 0 0 0 0 0 4 1 0 0 0 0/0 11:49 0:00 0:00
Peter Holland 0 0 0 0 0 0 0 0 0 0 0/0 0:00 0:00 0:00
Peter Mueller 0 0 0 0 15 0 0 0 0 0 0/0 1:16 0:00 0:00
Pierre-Luc Létourneau 1 0 1 1 0 5 0 0 0 1 4/8 22:07 3:55 4:29
Stu Bickel 0 0 0 0 2 1 0 2 0 0 0/0 25:22 4:29 3:57
T.J. Fast 0 0 0 0 0 2 3 1 2 2 0/0 26:23 4:29 5:05
Theo Peckham 0 0 0 0 0 0 1 0 0 0 0/0 18:49 3:27 3:32
Torey Krug 0 0 0 -1 0 0 0 0 0 1 0/0 5:52 0:00 0:20
Tyler Cuma 0 0 0 1 0 0 0 0 0 4 0/0 8:56 0:00 0:00
Yan Stastny 0 1 1 1 0 4 1 0 1 0 12/21 20:08 4:00 2:36
Players Stats for Wolves
Player Name G A P +/- PIM S H SB GA TA FO MP PP MP PK MP
------------------------------------------------------------------------------------
Bruno Gervais 1 0 1 -1 0 1 1 2 1 1 0/0 25:31 5:12 4:42
Carl Klingberg 0 0 0 0 0 1 0 0 1 0 0/0 10:10 1:00 0:34
Chris Neil 0 0 0 1 2 1 0 2 1 0 2/2 15:41 3:47 0:00
Cody McLeod 1 0 1 1 2 2 1 0 2 1 0/0 16:35 3:47 1:05
Dan Fritsche 0 0 0 -1 0 4 2 0 2 0 3/14 16:53 1:07 4:39
Dennis Persson 0 0 0 1 2 1 0 0 0 0 0/0 16:18 0:47 0:00
Geoff Paukovich 0 0 0 -1 0 0 0 0 0 0 1/1 9:33 0:10 0:00
Jarret Stoll 0 0 0 1 0 3 0 2 0 1 12/19 20:34 3:58 4:39
Jonas Junland 0 1 1 1 0 1 2 3 0 0 0/0 22:04 2:58 3:14
Jonathan Rheault 0 0 0 0 0 2 0 0 0 1 0/0 8:49 0:00 0:00
Marc-André Gragnani 0 0 0 0 0 1 0 2 2 0 0/0 20:21 2:58 4:33
Mark Fayne 0 0 0 0 0 0 1 0 0 0 0/0 13:05 0:50 0:09
Mike Sislo 0 0 0 0 0 1 4 0 0 0 0/0 15:36 4:00 0:00
Mike Zigomanis 0 1 1 0 0 2 1 1 1 1 5/9 18:32 3:52 2:51
Milan Bartovic 0 1 1 0 0 1 2 1 0 0 0/0 19:02 4:07 2:04
Nathan Davis 0 1 1 0 0 1 0 0 3 0 3/4 9:53 0:00 0:00
Ryan Ellis 0 0 0 -1 0 2 1 3 2 1 0/0 22:54 5:09 3:14
Tim Crowder 0 0 0 -1 2 0 1 1 0 0 0/0 10:29 1:03 0:00
3 Stars
1 - Jamie Storr (Min)
2 - Pierre-Luc Létourneau (StJ)
3 - Jonas Junland (Min)
Power Play
Staline - 0 on 4 Attempt(s) - 0,00%
Wolves - 1 on 4 Attempt(s) - 25,00%
Penalty Kill
Staline - 3 on 4 Attempt(s) - 75,00%
- Score 0 goal in Penalty Kill
Wolves - 4 on 4 Attempt(s) - 100,00%
- Score 0 goal in Penalty Kill
Team Stat
Staline - Hits : 17 - Faceoff Wins : 23 - Blocked Shots : 8 - Penalty Minutes : 19
Wolves - Hits : 16 - Faceoff Wins : 26 - Blocked Shots : 17 - Penalty Minutes : 8
Official
Referees : Sutherland Kelly and Lee Chris
Linesman : Lyle Seitz and David Brisebois
Game Notes
Peter Mueller ejected from game at 5:03 of 1st period
Mike Zigomanis is injured at 18:16 of 3rd period (Bruised Right Arm)
Finance
Level 1 -- Attendance: 1549 (77,45%) -- Ticket Income 54 215 $
Level 2 -- Attendance: 678 (67,80%) -- Ticket Income 10 170 $
Total Attendance: 2227 (74,23%)
Total Ticket Income: 64 385 $
Other Income: 3 219 $
Total Income: 67 604 $
Staline
5 vs 5 Forward
Center Left Wing Right Wing Time % Phy DF OF
1 Yan Stastny Pierre-Luc Létourneau Devin Setoguchi 40 1 2 2
2 Andrei Loktionov Mason Raymond Cam Janssen 30 1 2 2
3 Peter Mueller Nick Spaling Jared Boll 20 1 2 2
4 Mathieu Perreault James Sheppard J.T. Wyman 10 1 2 2
5 vs 5 Defense
Defense Defense Time % Phy DF OF
1 T.J. Fast Stu Bickel 40 1 2 2
2 Theo Peckham Keith Aulie 30 1 2 2
3 Tyler Cuma Michael Del Zotto 20 1 2 2
4 Torey Krug David Kolomatis 10 1 2 2
PowerPlay Forward
Center Left Wing Right Wing Time % Phy DF OF
1 Yan Stastny Pierre-Luc Létourneau Devin Setoguchi 60 1 2 2
2 Andrei Loktionov Mason Raymond Cam Janssen 40 1 2 2
PowerPlay Defense
Defense Defense Time % Phy DF OF
1 T.J. Fast Stu Bickel 60 1 2 2
2 Theo Peckham Keith Aulie 40 1 2 2
Penalty Kill 4 Players Forward
Center Wing Time % Phy DF OF
1 Pierre-Luc Létourneau Devin Setoguchi 60 1 2 2
2 Yan Stastny Cam Janssen 40 1 2 2
Penalty Kill 4 Players Defense
Defense Defense Time % Phy DF OF
1 T.J. Fast Stu Bickel 60 1 2 2
2 Theo Peckham Keith Aulie 40 1 2 2
Penalty Kill - 3 Players Forward
Forward Time % Phy DF OF
1 Pierre-Luc Létourneau 60 1 2 2
2 Devin Setoguchi 40 1 2 2
Penalty Kill - 3 Players Defense
Defense Defense Time % Phy DF OF
1 T.J. Fast Stu Bickel 60 1 2 2
2 Theo Peckham Keith Aulie 40 1 2 2
4 vs 4 Forward
Center Wing Time % Phy DF OF
1 Pierre-Luc Létourneau Devin Setoguchi 60 1 2 2
2 Yan Stastny Cam Janssen 40 1 2 2
4 vs 4 Defense
Defense Defense Time % Phy DF OF
1 T.J. Fast Stu Bickel 60 1 2 2
2 Theo Peckham Keith Aulie 40 1 2 2
Last Minutes Offensive
Center Left Wing Right Wing Defense Defense
Yan Stastny Pierre-Luc Létourneau Devin Setoguchi T.J. Fast Stu Bickel
Last Minutes Defensive
Center Left Wing Right Wing Defense Defense
Yan Stastny Pierre-Luc Létourneau Devin Setoguchi T.J. Fast Stu Bickel
Goaltenders
Starting : Tobias Stephan
Backup : Martin Houle
Extra Forwards
Normal : Peter Mueller, Jared Boll, J.T. Wyman - PP : Peter Mueller, Jared Boll - PK : J.T. Wyman
Extra Defensemen
Normal : Tyler Cuma, Michael Del Zotto, Torey Krug - PP : Tyler Cuma - PK : Michael Del Zotto, Torey Krug
Penalty Shots
Pierre-Luc Létourneau, Devin Setoguchi, Yan Stastny, Cam Janssen, Andrei Loktionov
Wolves
5 vs 5 Forward
Center Left Wing Right Wing Time % Phy DF OF
1 Jarret Stoll Cody McLeod Chris Neil 40 1 2 2
2 Mike Zigomanis Mike Sislo Milan Bartovic 30 1 2 2
3 Dan Fritsche Geoff Paukovich Tim Crowder 20 1 2 2
4 Nathan Davis Carl Klingberg Jonathan Rheault 10 1 2 2
5 vs 5 Defense
Defense Defense Time % Phy DF OF
1 Ryan Ellis Bruno Gervais 40 1 2 2
2 Dennis Persson Jonas Junland 30 1 2 2
3 Marc-André Gragnani Mark Fayne 20 1 2 2
4 Ryan Ellis Bruno Gervais 10 1 2 2
PowerPlay Forward
Center Left Wing Right Wing Time % Phy DF OF
1 Jarret Stoll Cody McLeod Chris Neil 60 1 2 2
2 Mike Zigomanis Mike Sislo Milan Bartovic 40 1 2 2
PowerPlay Defense
Defense Defense Time % Phy DF OF
1 Ryan Ellis Bruno Gervais 60 1 2 2
2 Marc-André Gragnani Jonas Junland 40 1 2 2
Penalty Kill 4 Players Forward
Center Wing Time % Phy DF OF
1 Dan Fritsche Jarret Stoll 60 1 2 2
2 Mike Zigomanis Milan Bartovic 40 1 2 2
Penalty Kill 4 Players Defense
Defense Defense Time % Phy DF OF
1 Marc-André Gragnani Bruno Gervais 60 1 2 2
2 Ryan Ellis Jonas Junland 40 1 2 2
Penalty Kill - 3 Players Forward
Forward Time % Phy DF OF
1 Dan Fritsche 60 1 2 2
2 Jarret Stoll 40 1 2 2
Penalty Kill - 3 Players Defense
Defense Defense Time % Phy DF OF
1 Marc-André Gragnani Bruno Gervais 60 1 2 2
2 Ryan Ellis Jonas Junland 40 1 2 2
4 vs 4 Forward
Center Wing Time % Phy DF OF
1 Mike Zigomanis Chris Neil 60 1 2 2
2 Jarret Stoll Milan Bartovic 40 1 2 2
4 vs 4 Defense
Defense Defense Time % Phy DF OF
1 Marc-André Gragnani Bruno Gervais 60 1 2 2
2 Ryan Ellis Jonas Junland 40 1 2 2
Last Minutes Offensive
Center Left Wing Right Wing Defense Defense
Jarret Stoll Chris Neil Mike Zigomanis Ryan Ellis Bruno Gervais
Last Minutes Defensive
Center Left Wing Right Wing Defense Defense
Nathan Davis Dan Fritsche Milan Bartovic Marc-André Gragnani Jonas Junland
Goaltenders
Starting : Jamie Storr
Backup : Loïc Lacasse
Extra Forwards
Normal : Mike Zigomanis, Chris Neil, Jarret Stoll - PP : Mike Zigomanis, Chris Neil - PK : Milan Bartovic
Extra Defensemen
Normal : Ryan Ellis, Bruno Gervais, Mark Fayne - PP : Ryan Ellis - PK : Bruno Gervais, Jonas Junland
Penalty Shots
Chris Neil, Jarret Stoll, Mike Zigomanis, Milan Bartovic, Dan Fritsche
% Time on Ice - Staline
Lines # - Real PCT - Wanted PCT - Time Play
Normal Forward
1 - 30% - 40% - 12:42
2 - 27% - 30% - 11:11
3 - 28% - 20% - 11:49
4 - 15% - 10% - 6:24
Normal Defense
1 - 38% - 40% - 15:52
2 - 28% - 30% - 11:46
3 - 21% - 20% - 8:56
4 - 13% - 10% - 5:32
PP Forward
1 - 53% - 60% - 4:10
2 - 47% - 40% - 3:46
PP Defense
1 - 57% - 60% - 4:29
2 - 43% - 40% - 3:27
PK Forward
1 - 71% - 60% - 6:21
2 - 29% - 40% - 2:36
PK Defense
1 - 61% - 60% - 5:25
2 - 39% - 40% - 3:32
PK3 Forward
1 - 0% - 60%
2 - 0% - 40%
PK3 Defense
1 - 0% - 60%
2 - 0% - 40%
44 Forward
1 - 0% - 60%
2 - 0% - 40%
44 Defense
1 - 0% - 60%
2 - 0% - 40%
Last Minute Offensive - 1:01
Last Minute Defensive - 0:00
Total
Forward - 60:00
Defense - 60:00
|
% Time on Ice - Wolves
Lines # - Real PCT - Wanted PCT - Time Play
Normal Forward
1 - 29% - 40% - 12:04
2 - 28% - 30% - 11:47
3 - 22% - 20% - 9:23
4 - 21% - 10% - 8:49
Normal Defense
1 - 39% - 40% - 16:30
2 - 36% - 30% - 15:05
3 - 23% - 20% - 9:45
4 - 2% - 10% - 0:43
PP Forward
1 - 48% - 60% - 4:19
2 - 52% - 40% - 4:38
PP Defense
1 - 67% - 60% - 5:59
2 - 33% - 40% - 2:58
PK Forward
1 - 79% - 60% - 6:18
2 - 21% - 40% - 1:38
PK Defense
1 - 60% - 60% - 4:44
2 - 40% - 40% - 3:12
PK3 Forward
1 - 0% - 60%
2 - 0% - 40%
PK3 Defense
1 - 0% - 60%
2 - 0% - 40%
44 Forward
1 - 0% - 60%
2 - 0% - 40%
44 Defense
1 - 0% - 60%
2 - 0% - 40%
Last Minute Offensive - 0:00
Last Minute Defensive - 1:04
Total
Forward - 60:00
Defense - 60:00
|
Play by Play
1st period
0:01 of 1st period - Jarret Stoll wins face-off versus Yan Stastny in neutral zone.
1:04 of 1st period - Jonas Junland is hit by Keith Aulie and loses puck.
1:11 of 1st period - Backhand shot by J.T. Wyman.
1:11 of 1st period - Stopped by Jamie Storr with a rebound.
1:13 of 1st period - Slapshot by Keith Aulie.
1:13 of 1st period - Stopped by Jamie Storr without a rebound.
1:14 of 1st period - Jarret Stoll wins face-off versus Yan Stastny in Wolves zone.
1:28 of 1st period - Chris Neil is hit by Michael Del Zotto and loses puck.
2:42 of 1st period - Marc-André Gragnani is hit by Devin Setoguchi.
3:26 of 1st period - Nick Spaling is hit by Mike Sislo and loses puck.
5:03 of 1st period - Major / Game Misconduct Penalty to Peter Mueller for Unsportsmanlike conduct.
5:03 of 1st period - Peter Mueller is ejected from game.
5:04 of 1st period - Jarret Stoll wins face-off versus Pierre-Luc Létourneau in Staline zone.
5:14 of 1st period - Wrist shot by Chris Neil.
5:14 of 1st period - Stopped by Tobias Stephan with a rebound.
5:16 of 1st period - Wrist shot by Chris Neil.
5:16 of 1st period - Shot Misses the Net.
5:36 of 1st period - Wrist shot by Mike Zigomanis.
5:36 of 1st period - Shot Misses the Net.
5:38 of 1st period - Slapshot by Bruno Gervais.
5:38 of 1st period - Shot Misses the Net.
5:40 of 1st period - Slapshot by Bruno Gervais.
5:40 of 1st period - Goal by Bruno Gervais - Staline : 0 - Wolves : 1.
5:41 of 1st period - Jarret Stoll wins face-off versus Pierre-Luc Létourneau in neutral zone.
6:06 of 1st period - Mike Zigomanis is hit by Cam Janssen and loses puck.
6:11 of 1st period - Snap shot by Yan Stastny.
6:11 of 1st period - Shot Blocked by Bruno Gervais.
7:14 of 1st period - Bruno Gervais is hit by T.J. Fast and loses puck.
10:03 of 1st period - Penalty to Peter Mueller is over, J.T. Wyman is send on ice.
11:14 of 1st period - Torey Krug is hit by Dan Fritsche and loses puck.
11:52 of 1st period - Ryan Ellis is hit by Devin Setoguchi and loses puck.
12:14 of 1st period - Snap shot by James Sheppard.
12:14 of 1st period - Shot Blocked by Jonas Junland.
12:44 of 1st period - Snap shot by Nick Spaling.
12:44 of 1st period - Stopped by Jamie Storr with a rebound.
13:40 of 1st period - Pierre-Luc Létourneau is hit by Bruno Gervais and loses puck.
14:11 of 1st period - Wrist shot by Mathieu Perreault.
14:11 of 1st period - Shot Misses the Net.
15:39 of 1st period - Snap shot by Cam Janssen.
15:39 of 1st period - Stopped by Jamie Storr with a rebound.
17:55 of 1st period - Devin Setoguchi is hit by Dan Fritsche and loses puck.
18:08 of 1st period - Wrist shot by Milan Bartovic.
18:08 of 1st period - Stopped by Tobias Stephan without a rebound.
18:09 of 1st period - Mike Zigomanis wins face-off versus Mathieu Perreault in Staline zone.
18:22 of 1st period - Snap shot by J.T. Wyman.
18:22 of 1st period - Shot Misses the Net.
18:32 of 1st period - T.J. Fast is hit by Milan Bartovic and loses puck.
18:39 of 1st period - Wrist shot by Milan Bartovic.
18:39 of 1st period - Shot Blocked by T.J. Fast.
18:49 of 1st period - Snap shot by J.T. Wyman.
18:49 of 1st period - Stopped by Jamie Storr with a rebound.
19:01 of 1st period - Snap shot by James Sheppard.
19:01 of 1st period - Shot Misses the Net.
19:03 of 1st period - Slapshot by J.T. Wyman.
19:03 of 1st period - Stopped by Jamie Storr without a rebound.
19:04 of 1st period - Jarret Stoll wins face-off versus Yan Stastny in Wolves zone.
19:11 of 1st period - Slapshot by Pierre-Luc Létourneau.
19:11 of 1st period - Stopped by Jamie Storr with a rebound.
19:13 of 1st period - Slapshot by Keith Aulie.
19:13 of 1st period - Shot Blocked by Jarret Stoll.
19:15 of 1st period - Snap shot by Devin Setoguchi.
19:15 of 1st period - Shot Blocked by Chris Neil.
19:40 of 1st period - Minor Penalty to Dennis Persson for High sticking.
19:41 of 1st period - Andrei Loktionov wins face-off versus Dan Fritsche in Wolves zone.
19:41 of 1st period - Slapshot by Cam Janssen.
19:41 of 1st period - Stopped by Jamie Storr with a rebound.
19:43 of 1st period - Snap shot by T.J. Fast.
19:43 of 1st period - Shot Misses the Net.
19:51 of 1st period - Wrist shot by Cam Janssen.
19:51 of 1st period - Shot Misses the Net.
19:53 of 1st period - Snap shot by Cam Janssen.
19:53 of 1st period - Shot Misses the Net.
19:55 of 1st period - Wrist shot by Andrei Loktionov.
19:55 of 1st period - Shot Blocked by Jarret Stoll.
Goals for this period are 0 for Staline vs 1 for Wolves.
Shots for this period are 8 for Staline vs 3 for Wolves.
2nd period
0:01 of 2nd period - Yan Stastny wins face-off versus Dan Fritsche in neutral zone.
0:08 of 2nd period - Wrist shot by Yan Stastny.
0:08 of 2nd period - Stopped by Jamie Storr without a rebound.
0:09 of 2nd period - Dan Fritsche wins face-off versus Yan Stastny in Wolves zone.
0:17 of 2nd period - Off-side.
0:18 of 2nd period - Dan Fritsche wins face-off versus Yan Stastny in neutral zone.
0:21 of 2nd period - Snap shot by Dan Fritsche.
0:21 of 2nd period - Stopped by Tobias Stephan without a rebound.
0:22 of 2nd period - Devin Setoguchi wins face-off versus Dan Fritsche in Staline zone.
0:29 of 2nd period - Wrist shot by Dan Fritsche.
0:29 of 2nd period - Stopped by Tobias Stephan with a rebound.
1:23 of 2nd period - Mason Raymond is hit by Milan Bartovic and loses puck.
1:29 of 2nd period - Icing by Cam Janssen.
1:30 of 2nd period - Dan Fritsche wins face-off versus Andrei Loktionov in Staline zone.
1:40 of 2nd period - Penalty to Dennis Persson is over, Dennis Persson is back on ice.
3:06 of 2nd period - Stu Bickel is hit by Jonas Junland and loses puck.
3:23 of 2nd period - Slapshot by Ryan Ellis.
3:23 of 2nd period - Stopped by Tobias Stephan with a rebound.
3:39 of 2nd period - Snap shot by Andrei Loktionov.
3:39 of 2nd period - Shot Blocked by Ryan Ellis.
3:58 of 2nd period - Snap shot by Mathieu Perreault.
3:58 of 2nd period - Stopped by Jamie Storr with a rebound.
4:23 of 2nd period - Wrist shot by Jonathan Rheault.
4:23 of 2nd period - Shot Blocked by Andrei Loktionov.
4:25 of 2nd period - Snap shot by Carl Klingberg.
4:25 of 2nd period - Deflect By Mason Raymond.
4:25 of 2nd period - Stopped by Tobias Stephan without a rebound.
4:26 of 2nd period - Andrei Loktionov wins face-off versus Mike Zigomanis in Staline zone.
4:35 of 2nd period - Milan Bartovic is hit by Mason Raymond.
5:35 of 2nd period - Wrist shot by Pierre-Luc Létourneau.
5:35 of 2nd period - Shot Blocked by Ryan Ellis.
5:37 of 2nd period - Snap shot by Cam Janssen.
5:37 of 2nd period - Deflect By Mason Raymond.
5:37 of 2nd period - Stopped by Jamie Storr without a rebound.
5:38 of 2nd period - Jarret Stoll wins face-off versus Andrei Loktionov in Wolves zone.
5:43 of 2nd period - Wrist shot by Jarret Stoll.
5:43 of 2nd period - Shot Blocked by Andrei Loktionov.
5:45 of 2nd period - Slapshot by Dennis Persson.
5:45 of 2nd period - Deflect By Chris Neil.
5:45 of 2nd period - Deflect By Theo Peckham.
5:45 of 2nd period - Shot Hit the Post.
5:45 of 2nd period - Puck is out of play.
5:46 of 2nd period - Chris Neil wins face-off versus Devin Setoguchi in Staline zone.
5:49 of 2nd period - Snap shot by Chris Neil.
5:49 of 2nd period - Shot Misses the Net.
6:25 of 2nd period - Slapshot by Cody McLeod.
6:25 of 2nd period - Stopped by Tobias Stephan with a rebound.
6:27 of 2nd period - Slapshot by Dennis Persson.
6:27 of 2nd period - Deflect By Mason Raymond.
6:27 of 2nd period - Stopped by Tobias Stephan without a rebound.
6:28 of 2nd period - Yan Stastny wins face-off versus Mike Zigomanis in Staline zone.
6:28 of 2nd period - Yan Stastny is hit by Mike Sislo.
6:38 of 2nd period - Slapshot by Devin Setoguchi.
6:38 of 2nd period - Stopped by Jamie Storr with a rebound.
6:54 of 2nd period - T.J. Fast is hit by Ryan Ellis and loses puck.
7:14 of 2nd period - Off-side.
7:15 of 2nd period - Nathan Davis wins face-off versus J.T. Wyman in neutral zone.
7:42 of 2nd period - Yan Stastny is hit by Cody McLeod and loses puck.
7:59 of 2nd period - Slapshot by Jonas Junland.
7:59 of 2nd period - Deflect By Mike Sislo.
7:59 of 2nd period - Stopped by Tobias Stephan with a rebound.
8:29 of 2nd period - Snap shot by T.J. Fast.
8:29 of 2nd period - Shot Blocked by Ryan Ellis.
8:33 of 2nd period - Wrist shot by Nick Spaling.
8:33 of 2nd period - Stopped by Jamie Storr with a rebound.
8:35 of 2nd period - Slapshot by T.J. Fast.
8:35 of 2nd period - Stopped by Jamie Storr with a rebound.
9:45 of 2nd period - Wrist shot by Jared Boll.
9:45 of 2nd period - Stopped by Jamie Storr with a rebound.
9:47 of 2nd period - Backhand shot by Nick Spaling.
9:47 of 2nd period - Shot Misses the Net.
9:49 of 2nd period - Snap shot by Nick Spaling.
9:49 of 2nd period - Deflect By Cody Eakin.
9:49 of 2nd period - Shot Misses the Net.
9:49 of 2nd period - Puck is out of play.
9:50 of 2nd period - Jarret Stoll wins face-off versus Yan Stastny in Wolves zone.
10:34 of 2nd period - Wrist shot by Nick Spaling.
10:34 of 2nd period - Stopped by Jamie Storr with a rebound.
10:36 of 2nd period - Slapshot by Stu Bickel.
10:36 of 2nd period - Shot Hit the Post.
10:38 of 2nd period - Wrist shot by Stu Bickel.
10:38 of 2nd period - Stopped by Jamie Storr with a rebound.
10:40 of 2nd period - Slapshot by T.J. Fast.
10:40 of 2nd period - Stopped by Jamie Storr without a rebound.
10:41 of 2nd period - Pierre-Luc Létourneau wins face-off versus Jarret Stoll in Wolves zone.
10:50 of 2nd period - Slapshot by Devin Setoguchi.
10:50 of 2nd period - Stopped by Jamie Storr without a rebound.
10:51 of 2nd period - Chris Neil wins face-off versus Yan Stastny in Wolves zone.
10:51 of 2nd period - Chris Neil is hit by Devin Setoguchi.
10:59 of 2nd period - Wrist shot by Pierre-Luc Létourneau.
10:59 of 2nd period - Shot Blocked by Chris Neil.
11:05 of 2nd period - Snap shot by Pierre-Luc Létourneau.
11:05 of 2nd period - Shot Blocked by Marc-André Gragnani.
11:07 of 2nd period - Wrist shot by Devin Setoguchi.
11:07 of 2nd period - Stopped by Jamie Storr with a rebound.
11:09 of 2nd period - Wrist shot by Pierre-Luc Létourneau.
11:09 of 2nd period - Stopped by Jamie Storr with a rebound.
11:11 of 2nd period - Snap shot by Yan Stastny.
11:11 of 2nd period - Stopped by Jamie Storr without a rebound.
11:12 of 2nd period - Mike Zigomanis wins face-off versus Andrei Loktionov in Wolves zone.
11:17 of 2nd period - Cam Janssen is hit by Mike Sislo and loses puck.
11:56 of 2nd period - Dan Fritsche is hit by Jared Boll and loses puck.
12:34 of 2nd period - Wrist shot by Chris Neil.
12:34 of 2nd period - Deflect By Jarret Stoll.
12:34 of 2nd period - Stopped by Tobias Stephan with a rebound.
13:14 of 2nd period - Slapshot by Marc-André Gragnani.
13:14 of 2nd period - Shot Blocked by Jared Boll.
13:16 of 2nd period - Backhand shot by Dan Fritsche.
13:16 of 2nd period - Stopped by Tobias Stephan without a rebound.
13:17 of 2nd period - Andrei Loktionov wins face-off versus Dan Fritsche in Staline zone.
13:22 of 2nd period - Wrist shot by Andrei Loktionov.
13:22 of 2nd period - Stopped by Jamie Storr without a rebound.
13:23 of 2nd period - Jarret Stoll wins face-off versus Andrei Loktionov in Wolves zone.
14:00 of 2nd period - Wrist shot by Andrei Loktionov.
14:00 of 2nd period - Stopped by Jamie Storr without a rebound.
14:01 of 2nd period - Yan Stastny wins face-off versus Jarret Stoll in Wolves zone.
14:11 of 2nd period - Icing by Jarret Stoll.
14:12 of 2nd period - Yan Stastny wins face-off versus Jarret Stoll in Wolves zone.
14:13 of 2nd period - Wrist shot by Pierre-Luc Létourneau.
14:13 of 2nd period - Shot Blocked by Jonas Junland.
14:37 of 2nd period - Jonas Junland is hit by Mason Raymond and loses puck.
14:48 of 2nd period - Slapshot by Jonas Junland.
14:48 of 2nd period - Deflect By Keith Aulie.
14:48 of 2nd period - Stopped by Tobias Stephan with a rebound.
15:04 of 2nd period - Jared Boll is hit by Tim Crowder.
15:14 of 2nd period - Minor Penalty to Tim Crowder for Diving.
15:15 of 2nd period - Yan Stastny wins face-off versus Dan Fritsche in Wolves zone.
15:26 of 2nd period - Snap shot by Marc-André Gragnani.
15:26 of 2nd period - Stopped by Tobias Stephan with a rebound.
16:36 of 2nd period - Slapshot by Cody McLeod.
16:36 of 2nd period - Shot Misses the Net.
16:44 of 2nd period - Jonas Junland is hit by Yan Stastny and loses puck.
17:14 of 2nd period - Penalty to Tim Crowder is over, Tim Crowder is back on ice.
17:17 of 2nd period - Wrist shot by Jared Boll.
17:17 of 2nd period - Stopped by Jamie Storr with a rebound.
17:19 of 2nd period - Snap shot by Jared Boll.
17:19 of 2nd period - Shot Misses the Net.
17:21 of 2nd period - Wrist shot by Jared Boll.
17:21 of 2nd period - Shot Blocked by Bruno Gervais.
17:23 of 2nd period - Wrist shot by Nick Spaling.
17:23 of 2nd period - Shot Misses the Net.
17:25 of 2nd period - Snap shot by J.T. Wyman.
17:25 of 2nd period - Shot Misses the Net.
17:37 of 2nd period - Wrist shot by Jarret Stoll.
17:37 of 2nd period - Stopped by Tobias Stephan without a rebound.
17:38 of 2nd period - Nathan Davis wins face-off versus Mathieu Perreault in Staline zone.
17:43 of 2nd period - Snap shot by Jonathan Rheault.
17:43 of 2nd period - Shot Misses the Net.
18:07 of 2nd period - Snap shot by Nick Spaling.
18:07 of 2nd period - Stopped by Jamie Storr with a rebound.
18:27 of 2nd period - Mike Sislo is hit by T.J. Fast and loses puck.
18:58 of 2nd period - Snap shot by Pierre-Luc Létourneau.
18:58 of 2nd period - Shot Misses the Net.
19:00 of 2nd period - Snap shot by Pierre-Luc Létourneau.
19:00 of 2nd period - Shot Misses the Net.
19:20 of 2nd period - Snap shot by Chris Neil.
19:20 of 2nd period - Shot Misses the Net.
Goals for this period are 0 for Staline vs 0 for Wolves.
Shots for this period are 18 for Staline vs 12 for Wolves.
3rd period
0:01 of 3rd period - Yan Stastny wins face-off versus Jarret Stoll in neutral zone.
0:10 of 3rd period - Snap shot by Devin Setoguchi.
0:10 of 3rd period - Shot Misses the Net.
0:12 of 3rd period - Snap shot by Yan Stastny.
0:12 of 3rd period - Stopped by Jamie Storr with a rebound.
0:14 of 3rd period - Slapshot by Pierre-Luc Létourneau.
0:14 of 3rd period - Stopped by Jamie Storr without a rebound.
0:15 of 3rd period - Andrei Loktionov wins face-off versus Mike Zigomanis in Wolves zone.
0:18 of 3rd period - Wrist shot by Andrei Loktionov.
0:18 of 3rd period - Stopped by Jamie Storr without a rebound.
0:19 of 3rd period - Mike Zigomanis wins face-off versus Andrei Loktionov in Wolves zone.
0:26 of 3rd period - Snap shot by Mike Zigomanis.
0:26 of 3rd period - Stopped by Tobias Stephan with a rebound.
0:28 of 3rd period - Slapshot by Mike Zigomanis.
0:28 of 3rd period - Shot Misses the Net.
0:32 of 3rd period - Backhand shot by Mike Zigomanis.
0:32 of 3rd period - Shot Blocked by Stu Bickel.
0:34 of 3rd period - Slapshot by Bruno Gervais.
0:34 of 3rd period - Shot Blocked by Andrei Loktionov.
1:12 of 3rd period - Snap shot by Nick Spaling.
1:12 of 3rd period - Shot Hit the Post.
1:14 of 3rd period - Wrist shot by J.T. Wyman.
1:14 of 3rd period - Shot Misses the Net.
1:56 of 3rd period - Snap shot by Yan Stastny.
1:56 of 3rd period - Shot Misses the Net.
2:04 of 3rd period - Minor Penalty to Chris Neil for Elbowing.
2:05 of 3rd period - Pierre-Luc Létourneau wins face-off versus Dan Fritsche in Wolves zone.
2:54 of 3rd period - Snap shot by Mike Zigomanis.
2:54 of 3rd period - Shot Misses the Net.
3:58 of 3rd period - Icing by Mason Raymond.
3:59 of 3rd period - Mike Zigomanis wins face-off versus Mason Raymond in Staline zone.
4:04 of 3rd period - Penalty to Chris Neil is over, Chris Neil is back on ice.
4:06 of 3rd period - Milan Bartovic is hit by Cam Janssen and loses puck.
4:19 of 3rd period - J.T. Wyman is hit by Mark Fayne and loses puck.
4:26 of 3rd period - Snap shot by Jonathan Rheault.
4:26 of 3rd period - Shot Misses the Net.
4:28 of 3rd period - Wrist shot by Bruno Gervais.
4:28 of 3rd period - Deflect By Jonathan Rheault.
4:28 of 3rd period - Stopped by Tobias Stephan with a rebound.
4:30 of 3rd period - Snap shot by Nathan Davis.
4:30 of 3rd period - Stopped by Tobias Stephan with a rebound.
4:41 of 3rd period - Off-side.
4:42 of 3rd period - Jarret Stoll wins face-off versus Yan Stastny in neutral zone.
4:52 of 3rd period - Off-side.
4:53 of 3rd period - Yan Stastny wins face-off versus Mike Zigomanis in neutral zone.
5:00 of 3rd period - Wrist shot by Yan Stastny.
5:00 of 3rd period - Stopped by Jamie Storr with a rebound.
5:18 of 3rd period - Jarret Stoll is hit by Cam Janssen and loses puck.
5:43 of 3rd period - Marc-André Gragnani is hit by Nick Spaling and loses puck.
6:12 of 3rd period - Snap shot by Mike Zigomanis.
6:12 of 3rd period - Stopped by Tobias Stephan without a rebound.
6:13 of 3rd period - Mike Zigomanis wins face-off versus Andrei Loktionov in Staline zone.
6:42 of 3rd period - Slapshot by Dan Fritsche.
6:42 of 3rd period - Stopped by Tobias Stephan with a rebound.
7:07 of 3rd period - Minor Penalty to Cody McLeod for Hooking.
7:08 of 3rd period - Yan Stastny wins face-off versus Dan Fritsche in Wolves zone.
7:24 of 3rd period - Wrist shot by Devin Setoguchi.
7:24 of 3rd period - Shot Misses the Net.
9:07 of 3rd period - Penalty to Cody McLeod is over, Cody McLeod is back on ice.
9:27 of 3rd period - Snap shot by Mathieu Perreault.
9:27 of 3rd period - Stopped by Jamie Storr without a rebound.
9:28 of 3rd period - Jared Boll wins face-off versus Dan Fritsche in Wolves zone.
10:33 of 3rd period - Slapshot by Jonas Junland.
10:33 of 3rd period - Shot Misses the Net.
10:35 of 3rd period - Wrist shot by Cody McLeod.
10:35 of 3rd period - Goal by Cody McLeod - Staline : 0 - Wolves : 2.
10:36 of 3rd period - Jarret Stoll wins face-off versus Yan Stastny in neutral zone.
10:48 of 3rd period - Snap shot by Yan Stastny.
10:48 of 3rd period - Shot Misses the Net.
11:11 of 3rd period - Snap shot by Mike Zigomanis.
11:11 of 3rd period - Shot Blocked by Cam Janssen.
11:46 of 3rd period - Minor Penalty to Jared Boll for Holding.
11:47 of 3rd period - Jarret Stoll wins face-off versus Pierre-Luc Létourneau in Staline zone.
11:47 of 3rd period - Snap shot by Chris Neil.
11:47 of 3rd period - Shot Blocked by Stu Bickel.
12:13 of 3rd period - Pierre-Luc Létourneau is hit by Mike Zigomanis and loses puck.
12:30 of 3rd period - Wrist shot by Cam Janssen.
12:30 of 3rd period - Shot Hit the Post.
13:30 of 3rd period - Stu Bickel is hit by Jonas Junland.
13:46 of 3rd period - Penalty to Jared Boll is over, Jared Boll is back on ice.
13:56 of 3rd period - Snap shot by Pierre-Luc Létourneau.
13:56 of 3rd period - Shot Blocked by Tim Crowder.
13:58 of 3rd period - Backhand shot by Jared Boll.
13:58 of 3rd period - Stopped by Jamie Storr with a rebound.
14:04 of 3rd period - Snap shot by Mason Raymond.
14:04 of 3rd period - Stopped by Jamie Storr without a rebound.
14:05 of 3rd period - Nathan Davis wins face-off versus James Sheppard in Wolves zone.
14:10 of 3rd period - Slapshot by Bruno Gervais.
14:10 of 3rd period - Shot Misses the Net.
15:01 of 3rd period - Slapshot by Ryan Ellis.
15:01 of 3rd period - Deflect By Jonathan Rheault.
15:01 of 3rd period - Stopped by Tobias Stephan with a rebound.
15:03 of 3rd period - Wrist shot by Ryan Ellis.
15:03 of 3rd period - Stopped by Tobias Stephan without a rebound.
15:04 of 3rd period - J.T. Wyman wins face-off versus Jarret Stoll in Staline zone.
16:11 of 3rd period - Snap shot by Jared Boll.
16:11 of 3rd period - Shot Blocked by Mike Zigomanis.
16:13 of 3rd period - Slapshot by Torey Krug.
16:13 of 3rd period - Shot Blocked by Milan Bartovic.
16:15 of 3rd period - Snap shot by Nick Spaling.
16:15 of 3rd period - Shot Misses the Net.
16:17 of 3rd period - Wrist shot by Nick Spaling.
16:17 of 3rd period - Deflect By Jared Boll.
16:17 of 3rd period - Stopped by Jamie Storr without a rebound.
16:18 of 3rd period - Yan Stastny wins face-off versus Dan Fritsche in Wolves zone.
16:21 of 3rd period - Wrist shot by Pierre-Luc Létourneau.
16:21 of 3rd period - Goal by Pierre-Luc Létourneau - Staline : 1 - Wolves : 2.
16:22 of 3rd period - Geoff Paukovich wins face-off versus Devin Setoguchi in neutral zone.
16:27 of 3rd period - Icing by Dan Fritsche.
16:28 of 3rd period - Yan Stastny wins face-off versus Dan Fritsche in Wolves zone.
16:29 of 3rd period - Wrist shot by Pierre-Luc Létourneau.
16:29 of 3rd period - Stopped by Jamie Storr without a rebound.
16:30 of 3rd period - Yan Stastny wins face-off versus Dan Fritsche in Wolves zone.
16:51 of 3rd period - Minor Penalty to Stu Bickel for Slashing.
16:52 of 3rd period - Jarret Stoll wins face-off versus Pierre-Luc Létourneau in Staline zone.
16:57 of 3rd period - Snap shot by Cody McLeod.
16:57 of 3rd period - Deflect By Jarret Stoll.
16:57 of 3rd period - Stopped by Tobias Stephan without a rebound.
16:58 of 3rd period - Pierre-Luc Létourneau wins face-off versus Jarret Stoll in Staline zone.
17:05 of 3rd period - Cody McLeod is hit by T.J. Fast and loses puck.
17:46 of 3rd period - Pierre-Luc Létourneau is hit by Mike Sislo and loses puck.
18:15 of 3rd period - Mike Zigomanis is hit by Theo Peckham and loses puck.
18:16 of 3rd period - Mike Zigomanis from Wolves is injured at 18:16 of 3rd period (Bruised Right Arm).
18:17 of 3rd period - Pierre-Luc Létourneau wins face-off versus Jarret Stoll in Wolves zone.
18:26 of 3rd period - Wrist shot by Pierre-Luc Létourneau.
18:26 of 3rd period - Shot Misses the Net.
18:51 of 3rd period - Penalty to Stu Bickel is over, Stu Bickel is back on ice.
19:02 of 3rd period - Staline, Tobias Stephan is pulled from the net.
19:02 of 3rd period - Slapshot by Keith Aulie.
19:02 of 3rd period - Stopped by Jamie Storr without a rebound.
19:03 of 3rd period - Mario Tremblay call a timeout for Staline.
19:03 of 3rd period - Yan Stastny wins face-off versus Nathan Davis in Wolves zone.
19:36 of 3rd period - Snap shot by Yan Stastny.
19:36 of 3rd period - Shot Blocked by Marc-André Gragnani.
19:38 of 3rd period - Snap shot by Stu Bickel.
19:38 of 3rd period - Shot Misses the Net.
19:40 of 3rd period - Snap shot by T.J. Fast.
19:40 of 3rd period - Shot Misses the Net.
19:42 of 3rd period - Slapshot by Yan Stastny.
19:42 of 3rd period - Shot Blocked by Jonas Junland.
19:44 of 3rd period - Wrist shot by Stu Bickel.
19:44 of 3rd period - Shot Misses the Net.
Goals for this period are 1 for Staline vs 1 for Wolves.
Shots for this period are 11 for Staline vs 9 for Wolves.
Output by the SimonT Hockey Simulator (STHS) for François Prévost -- Original Page W3C XHTML 1.0 Valid